 Dungeon Crawl Stone Soup version 0.27-a0-1187-ge80a49f48c (webtiles) character file.

Game seed: 7055605555941215066

3438 kalamak the Geomancer (level 10, -10/56 HPs)
             Began as a Gargoyle Earth Elementalist on May 20, 2021.
             Was a Believer of Vehumet.
             Mangled by a komodo dragon (23 damage)
             ... on level 8 of the Dungeon.
             The game lasted 00:17:55 (9521 turns).

kalamak the Geomancer (Gargoyle Earth Elementalist) Turns: 9521, Time: 00:17:55

Health: -10/56     AC: 10    Str: 12    XL:     10   Next: 5%
Magic:  1/19       EV: 12    Int: 19    God:    Vehumet [**....]
Gold:   336        SH:  0    Dex: 10    Spells: 13/22 levels left

rFire    + . .     SeeInvis .   g - +3 dagger (vamp)
rCold    . . .     Faith    .   (no shield)
rNeg     + . .     Spirit   .   c - +0 robe
rPois    ∞         Reflect  .   (no helmet)
rElec    +         Harm     .   (no cloak)
rCorr    .         Rampage  .   x - +0 pair of gloves
Will     .....                  (no boots)
Stlth    ++........             (no amulet)
HPRegen  0.18/turn              s - ring of protection from fire
MPRegen  0.16/turn              (no ring)

@: no status effects
A: sickness immunity, AC +7, negative energy resistance 1, electricity
resistance, torment resistance 1, petrification resistance
a: Renounce Religion


You were on level 8 of the Dungeon.
You worshipped Vehumet.
Vehumet was pleased with you.
You visited 2 branches of the dungeon, and saw 9 of its levels.

You collected 336 gold pieces.

Inventory:

Hand Weapons
 g - a +3 vampiric dagger (weapon)
 n - a +3 dagger
 r - a +0 flail
 B - a +2 flail of holy wrath
Missiles
 a - 73 poisoned darts
 b - 49 stones
 y - 4 throwing nets
Armour
 c - a +0 robe (worn)
 m - a +0 helmet
 x - a +0 pair of gloves (worn)
Jewellery
 j - a ring of flight
 s - a ring of protection from fire (left hand)
Wands
 p - a wand of paralysis (6)
 C - a wand of polymorph (8)
 E - a wand of flame (11)
Scrolls
 d - 2 scrolls of enchant weapon
 u - 2 scrolls of fog
 w - a scroll of fear
 z - a scroll of amnesia
Potions
 e - 5 potions of flight
 f - a potion of lignification
 h - 3 potions of curing
 i - 2 potions of resistance
 k - a potion of berserk rage
 l - 2 potions of attraction
 o - 2 potions of ambrosia
 q - 2 potions of might
 t - a potion of haste
 v - 3 potions of brilliance
 A - a potion of cancellation
 D - a potion of degeneration {unknown}
 F - a potion of heal wounds {unknown}


   Skills:
 + Level 3.3 Fighting
 + Level 2.9 Maces & Flails
 + Level 3.4 Armour
 + Level 3.1 Dodging
 - Level 2.1 Stealth
 + Level 6.6 Spellcasting
 + Level 7.1 Conjurations
 - Level 0.7 Transmutations
 + Level 9.1 Earth Magic
 + Level 2.7 Evocations


You had 13 spell levels left.
You knew the following spells:

 Your Spells              Type           Power      Damage    Failure   Level
a - Sandblast             Erth           82%        2d17      1%          1
b - Stone Arrow           Conj/Erth      74%        3d11      1%          3
c - Lee's Rapid Deconstr  Erth           20%        3d13*     7%          5

Your spell library contained the following spells:

 Spells                   Type           Power      Damage    Failure   Level
 Static Discharge         Conj/Air       19%        N/A       3%          2
 Passwall                 Tmut/Erth      20%        N/A       1%          2
 Dazzling Flash           Conj/Hex       38%        N/A       8%          3
 Animate Skeleton         Necr           12%        N/A       11%         1
 Apportation              Tloc           12%        N/A       11%         1
 Corona                   Hex            6%         N/A       11%         1
 Summon Small Mammal      Summ           24%        N/A       11%         1
 Petrify                  Tmut/Erth      25%        N/A       14%         4
 Ensorcelled Hibernation  Hex/Ice        12%        N/A       16%         2
 Confusing Touch          Hex            6%         N/A       32%         3
 Gell's Gravitas          Tloc           3%         N/A       32%         3
 Tukima's Dance           Hex            6%         N/A       32%         3
 Yara's Violent Unravell  Hex/Tmut       3%         3d4       94%         5
 Metabolic Englaciation   Hex/Ice        3%         N/A       96%         5


Dungeon Overview and Level Annotations

Branches:
Dungeon (8/15)             Temple (1/1) D:5
   Lair: D:8-11

Altars:
Cheibriados
Dithmenos
Fedhas
Gozag
Kikubaaqudgha
Nemelex Xobeh
Qazlal
Sif Muna
Trog
Vehumet
Wu Jian
Xom
Yredelemnul
Zin
The Shining One

Shops:
D:5 =

Annotations:
D:3 Natasha
D:4 2 transporters, Froggeryz's ghost, amateur DrIE


Innate Abilities, Weirdness & Mutations

You are immune to sickness and miasma.
Your stone body is resilient. (AC +7)
You are immune to poison.
You resist negative energy. (rN+)
You are resistant to electric shocks. (rElec)
You are resistant to unholy torment.
You are immune to petrification.


Message History

Press: ? - help, Shift-Dir - straight line, f/p - komodo dragon
Aim: a komodo dragon (severely wounded, 87% to hit)
The blast of sand hits the komodo dragon.
The komodo dragon is severely wounded.
The komodo dragon bites you!
Casting: Sandblast (safe; 1% risk of failure)
Confirm with . or Enter, or press ? or * to list all spells.
Aiming: Sandblast (safe; 1% risk of failure)
Press: ? - help, Shift-Dir - straight line, f/p - komodo dragon
Aim: a komodo dragon (severely wounded, 87% to hit)
The blast of sand hits the komodo dragon.
The komodo dragon is almost dead.
The komodo dragon misses you.
Casting: Sandblast (safe; 1% risk of failure)
Confirm with . or Enter, or press ? or * to list all spells.
You don't know that spell.
Unknown command.
Casting: Sandblast (safe; 1% risk of failure)
Confirm with . or Enter, or press ? or * to list all spells.
You don't have enough magic to cast this spell.
Unknown command.
Unknown command.
Aiming: Paralyse
Press: ? - help, Shift-Dir - straight line, f/p - komodo dragon
Aim: a komodo dragon (almost dead, chance to affect: 36%)
The komodo dragon easily resists.
The komodo dragon bites you!
* * * LOW HITPOINT WARNING * * *
Aiming: Paralyse
Press: ? - help, Shift-Dir - straight line, f/p - komodo dragon
Aim: a komodo dragon (almost dead, chance to affect: 36%)
The komodo dragon easily resists.
The komodo dragon barely misses you.
Aiming: Paralyse
Press: ? - help, Shift-Dir - straight line, f/p - komodo dragon
Aim: a komodo dragon (almost dead, chance to affect: 36%)
The komodo dragon easily resists.
The komodo dragon misses you.
Aiming: Paralyse
Press: ? - help, Shift-Dir - straight line, f/p - komodo dragon
Aim: a komodo dragon (almost dead, chance to affect: 36%)
The komodo dragon easily resists.
The komodo dragon bites you!!
You die...

#... ....# #
.P... .# ...P.#
.#
.P....#######.##
PPP...#........##
PPPP.P..###<....#
PhPPP.P.s.l@...##
.PPPPP...##.#.##
Ps.......##.#...
..P..P.P###.# ###


.PPPPP..# #.# PPP..l.P# #.# ..P.PP... ..# P..PP..P# ### ..PPP..## You could see
a komodo dragon and a scorpion.

Vanquished Creatures
  A slime creature (D:7)
  Sigmund (D:6)
  A wyvern (D:4)
  A wraith (D:7)
  A vampire mosquito (D:7)
  3 water moccasins
  4 sky beasts
  An ice beast (D:7)
  A black bear (D:8)
  A necrophage (D:5)
  An ogre (D:5)
  A gnoll sergeant (D:7)
  4 bullfrogs
  A scorpion (D:8)
  A wyvern skeleton (D:6)
  A wight (D:7)
  3 centaur zombies
  3 bullfrog zombies
  2 bullfrog skeletons
  A jelly (D:7)
  An orc priest (D:5)
  3 centaur skeletons
  3 gnoll shamans (D:7)
  3 hounds (D:5)
  4 iguanas
  Natasha (D:3)
  4 orc wizards
  2 killer bee zombies
  A hound skeleton (D:4)
  Robin (D:2)
  4 adders
  12 gnolls
  A shadow imp (D:7)
  A white imp (D:7)
  An adder zombie (D:5)
  4 worms
  4 dart slugs
  17 orcs
  3 bats
  8 endoplasms
  4 giant cockroaches
  8 goblins
  7 hobgoblins
  7 jackals
  7 kobolds
  3 quokkas
  8 ball pythons
  2 frilled lizards
  8 rats
165 creatures vanquished.

Vanquished Creatures (collateral kills)
  3 goblins (D:2)
  2 hobgoblins (D:2)
5 creatures vanquished.

Vanquished Creatures (others)
  7 fungi (D:8)
  12 plants (D:8)
19 creatures vanquished.

Grand Total: 189 creatures vanquished

Notes
Turn   | Place    | Note
-------+----------+-------------------------------------------
     0 | D:1      | kalamak the Gargoyle Earth Elementalist began the quest for
                  | the Orb.
     0 | D:1      | Reached XP level 1. HP: 10/10 MP: 3/3
   454 | D:1      | Reached skill level 4 in Earth Magic
   454 | D:1      | Reached XP level 2. HP: 15/15 MP: 0/5
  1103 | D:1      | Reached XP level 3. HP: 9/19 MP: 3/6
  1155 | D:1      | Learned a level 3 spell: Stone Arrow
  2188 | D:2      | Noticed Robin
  2212 | D:2      | Killed Robin
  2213 | D:2      | Reached skill level 1 in Conjurations
  2213 | D:2      | Reached XP level 4. HP: 8/24 MP: 5/8
  2875 | D:2      | Found a faded altar of an unknown god.
  3331 | D:3      | Found a sparkling altar of Nemelex Xobeh.
  3347 | D:3      | Noticed Natasha
  3349 | D:3      | Killed Natasha
  3350 | D:3      | Reached skill level 5 in Earth Magic
  3400 | D:3      | Reached XP level 5. HP: 28/28 MP: 4/9
  4125 | D:3      | Noticed Natasha
  4327 | D:4      | Reached XP level 6. HP: 21/32 MP: 8/11
  4365 | D:4      | Found an opulent altar of Gozag.
  4639 | D:4      | Found a transporter.
  4651 | D:4      | Noticed Froggeryz's ghost (amateur DrIE)
  4656 | D:4      | Identified the +8 dire flail "Watau" {venom, rC- Int+4
                  | Dex+2}
  4657 | D:4      | Found a transporter.
  4709 | D:4      | Noticed a wyvern
  4721 | D:4      | Killed a wyvern
  4722 | D:4      | Reached skill level 6 in Earth Magic
  4998 | D:5      | Entered Level 5 of the Dungeon
  5004 | D:5      | Reached XP level 7. HP: 36/36 MP: 0/13
  5167 | D:5      | Found a staircase to the Ecumenical Temple.
  5176 | Temple   | Entered the Ecumenical Temple
  5253 | Temple   | Became a worshipper of Vehumet
  5905 | D:5      | Reached skill level 5 in Spellcasting
  5905 | D:5      | Reached skill level 7 in Earth Magic
  5931 | D:5      | Reached XP level 8. HP: 12/41 MP: 10/15
  5935 | D:5      | Reached skill level 5 in Conjurations
  6238 | D:5      | Found Atauk's Jewellery Shoppe.
  7090 | D:6      | Learned a level 5 spell: Lee's Rapid Deconstruction
  7148 | D:6      | Identified the +0 leather armour of the Land of Plenty
                  | {rPois}
  7294 | D:6      | Reached * piety under Vehumet
  7294 | D:6      | Offered knowledge of Freeze by Vehumet.
  7530 | D:6      | Noticed Sigmund
  7544 | D:6      | Killed Sigmund
  7545 | D:6      | Reached skill level 8 in Earth Magic
  7909 | D:7      | Reached skill level 1 in Fighting
  7909 | D:7      | Reached skill level 1 in Armour
  7921 | D:7      | Reached skill level 1 in Maces & Flails
  7921 | D:7      | Reached skill level 1 in Evocations
  7921 | D:7      | Reached XP level 9. HP: 47/47 MP: 4/18
  8039 | D:7      | Found a basalt altar of Yredelemnul.
  8042 | D:7      | Found a shimmering blue altar of Sif Muna.
  8047 | D:7      | Found a stormy altar of Qazlal.
  9015 | D:7      | Found a snail-covered altar of Cheibriados.
  9024 | D:7      | Reached ** piety under Vehumet
  9024 | D:7      | Offered knowledge of Static Discharge by Vehumet.
  9339 | D:7      | Reached skill level 9 in Earth Magic
  9493 | D:8      | Noticed a komodo dragon
  9509 | D:8      | Reached XP level 10. HP: 56/56 MP: 10/19
  9521 | D:8      | Mangled by a komodo dragon

Illustrated notes

Levels and vault maps discovered:
D:1:      onia_arrival_mini_maze_b, layout_loops_cross
D:2:      layout_basic, basic_ecumenical_altar, minmay_puff, uniq_robin
D:3:      layout_loops_corners, overflow_temple_1_default, uniq_natasha
D:4:      layout_basic, grunt_gozag_statues, gammafunk_ghost_smash
D:5:      layout_loops_ring, minmay_temple_entry_large_hall, serial_shops,
          nicolae_shop_behind_doors
D:6:      layout_loops_ring, serial_undead, serial_undead_f, serial_undead_a,
          serial_undead_c, serial_undead_e, uniq_sigmund
D:7:      cheibrodos_fzero, layout_basic, cheibrodos_worm_habitat,
          grunt_temple_overflow_diamond
D:8:      layout_loops_corners, due_lair_maze_entry_diamond,
          introduction_to_nature_2
Temple:   eino_temple_scatter_basement

Skill      XL: |  1  2  3  4  5  6  7  8  9 |
---------------+----------------------------+-----
Earth Magic    | 4 5 6 7 8 9 |  9.1
Spellcasting   | 3 4 5 6 |  6.6
Conjurations   | 1 2 3 4 6 7 |  7.1
Fighting       | 1 3 |  3.3
Armour         | 1 3 |  3.4
Maces & Flails | 1 2 |  2.9
Dodging        | 2 3 |  3.1
Evocations     | 1 2 |  2.7
Stealth        | |  2.1
Transmutations | |  0.7

Action                   |  1- 3 |  4- 6 |  7- 9 | 10-12 || total
-------------------------+-------+-------+-------+-------++-------
Melee: Unarmed           |    23 |       |       |       ||    23
       Dagger            |    85 |   120 |   233 |       ||   438
Throw: Dart              |    27 |       |       |       ||    27
 Cast: Sandblast         |    18 |    43 |   101 |     8 ||   170
       Stone Arrow       |     1 |     3 |    18 |       ||    22
       Lee's Rapid Decon |       |       |     6 |     1 ||     7
Evoke: Wand              |       |     1 |       |     4 ||     5
  Use: Scroll            |     1 |     8 |    14 |       ||    23
       Potion            |       |       |     1 |       ||     1
 Stab: Sleeping          |     3 |     3 |       |       ||     6
Armor: Robe              |    47 |    42 |   117 |       ||   206
Dodge: Dodged            |    64 |    91 |   161 |     6 ||   322

Table legend: (Time is in decaauts)
 A = Elapsed time spent in this place.
 B = Non-inter-level travel time spent in this place.
 C = Inter-level travel time spent in this place.
 D = Time resting spent in this place.
 E = Time spent auto-exploring this place.
 F = Levels seen in this place.
 G = Mean time per level.
                   A        B        C        D        E       F      G
               +--------+--------+--------+--------+--------+-----+--------+
         Total |   9538 |   9198 |    340 |   1283 |   6319 |   9 | 1059.8 |
       Dungeon |   9441 |   9121 |    320 |   1283 |   6271 |   8 | 1180.1 |
        Temple |     97 |     77 |     20 |      0 |     48 |   1 |   97.0 |
               +--------+--------+--------+--------+--------+-----+--------+

Top non-repeatable levels by time:
     D:1: 1796 daAuts
     D:7: 1575 daAuts
     D:5: 1497 daAuts
     D:3: 1262 daAuts
     D:6: 1214 daAuts
     D:2: 1152 daAuts
     D:4: 909 daAuts
  Temple: 97 daAuts
     D:8: 31 daAuts
